[ AOE2 MATCH · #505632865 ]
UnrankedJapanese vs Jurchens
Player's team · LOSS
Rival team · WIN
[ REPLAY ANALYSIS · EXTRACTED FROM THE RECORDED GAME ]
Feudal
9:00
Castle
—
Imperial
—
| APM avg | 54.3 |
| APM peak | 103 |
| eAPM avg | 27.5 |
| Villagers / military | 145 / 50 |
Focus
⚔️ 25.5% · 🌾 74.5%
Skirmisher ×24 · Militia ×22 · Archer ×4
Feudal
10:59
Castle
25:56
Imperial
—
| APM avg | 49.4 |
| APM peak | 87 |
| eAPM avg | 25.1 |
| Villagers / military | 56 / 61 |
Focus
⚔️ 44.9% · 🌾 55.1%
Archer ×40 · Skirmisher ×18 · Militia ×3
Match map
Initial resources + every placement click. Lines = walls · curves = elevation contours. ◆ gold · ⬟ stone · ● berries · ✦ relic · ◌ wall gap
Your base· Open — unwalled flank
[DGLOS] DyouDi's base· Open — 4t gap
Smoothed initial terrain · ◌ = detected wall gap · hover for details
Inputs per minute
— 新竹 - - [DGLOS] DyouDi
Build order — 新竹
First 150 of 270 actions detected
| 0:00 | Create | Villager (Male) |
| 0:00 | Create | Villager (Male) |
| 0:01 | Create | Villager (Male) |
| 0:02 | Build | House |
| 0:05 | Build | House |
| 0:15 | Create | Villager (Male) |
| 0:16 | Create | Villager (Male) |
| 1:32 | Create | Villager (Male) |
| 1:32 | Create | Villager (Male) |
| 2:08 | Create | Villager (Male) |
| 2:08 | Create | Villager (Male) |
| 2:08 | Create | Villager (Male) |
| 2:24 | Create | Villager (Male) |
| 2:24 | Create | Villager (Male) |
| 2:24 | Create | Villager (Male) |
| 2:51 | Create | Villager (Male) |
| 2:51 | Create | Villager (Male) |
| 2:51 | Create | Villager (Male) |
| 2:52 | Create | Villager (Male) |
| 3:02 | Build | Lumber Camp |
| 3:06 | Build | House |
| 3:30 | Create | Villager (Male) |
| 3:30 | Create | Villager (Male) |
| 3:30 | Create | Villager (Male) |
| 3:31 | Create | Villager (Male) |
| 4:05 | Create | Villager (Male) |
| 4:05 | Create | Villager (Male) |
| 4:05 | Create | Villager (Male) |
| 4:33 | Create | Villager (Male) |
| 4:34 | Create | Villager (Male) |
| 5:07 | Build | Mining Camp |
| 5:18 | Create | Villager (Male) |
| 5:41 | Create | Villager (Male) |
| 5:42 | Research | Loom |
| 5:42 | Research | Loom |
| 5:47 | Build | Palisade Wall |
| 5:50 | Build | Palisade Wall |
| 6:50 | Research | Feudal Age |
| 6:50 | Research | Feudal Age |
| 6:54 | Build | House |
| 7:03 | Build | Barracks |
| 7:23 | Build | Mill |
| 7:32 | Create | Militia |
| 7:32 | Create | Militia |
| 7:32 | Create | Militia |
| 7:46 | Build | House |
| 8:08 | Create | Militia ×2 |
| 8:08 | Create | Militia ×2 |
| 8:54 | Create | Villager (Male) |
| 8:54 | Create | Villager (Male) |
| 8:55 | Create | Villager (Male) |
| 8:55 | Create | Villager (Male) |
| 9:00 | Age | Feudal Age |
| 9:38 | Create | Villager (Male) |
| 9:39 | Create | Villager (Male) |
| 9:39 | Create | Villager (Male) |
| 9:39 | Create | Villager (Male) |
| 9:45 | Build | Palisade Wall |
| 9:45 | Build | Palisade Wall |
| 9:52 | Build | Farm |
| 9:54 | Build | Farm |
| 10:03 | Build | Palisade Wall |
| 10:04 | Build | Palisade Wall |
| 10:18 | Research | Man-at-Arms (upgrade) |
| 10:18 | Research | Man-at-Arms (upgrade) |
| 10:25 | Build | Palisade Wall |
| 10:33 | Build | Farm |
| 10:54 | Build | Palisade Wall |
| 11:04 | Create | Villager (Male) |
| 11:04 | Create | Villager (Male) |
| 11:04 | Create | Villager (Male) |
| 11:07 | Build | Farm |
| 11:52 | Create | Villager (Male) |
| 11:52 | Create | Villager (Male) |
| 11:53 | Create | Villager (Male) |
| 11:53 | Create | Villager (Male) |
| 12:06 | Create | Villager (Male) |
| 12:06 | Create | Villager (Male) |
| 12:06 | Create | Villager (Male) |
| 12:23 | Build | Watch Tower |
| 12:30 | Research | Double-Bit Axe |
| 12:30 | Research | Double-Bit Axe |
| 12:30 | Research | Double-Bit Axe |
| 12:45 | Create | Villager (Male) |
| 12:45 | Create | Villager (Male) |
| 12:46 | Create | Villager (Male) |
| 12:46 | Create | Villager (Male) |
| 12:58 | Create | Villager (Male) |
| 12:58 | Create | Villager (Male) |
| 12:58 | Create | Villager (Male) |
| 12:58 | Create | Villager (Male) |
| 13:18 | Create | Villager (Male) |
| 13:18 | Create | Villager (Male) |
| 13:18 | Create | Villager (Male) |
| 13:18 | Create | Villager (Male) |
| 13:21 | Build | Farm |
| 13:37 | Create | Villager (Male) |
| 13:37 | Create | Villager (Male) |
| 13:52 | Create | Villager (Male) |
| 13:52 | Create | Villager (Male) |
| 13:52 | Create | Villager (Male) |
| 13:55 | Build | Archery Range |
| 14:06 | Build | House |
| 14:11 | Create | Villager (Male) |
| 14:11 | Create | Villager (Male) |
| 14:11 | Create | Villager (Male) |
| 14:16 | Build | House |
| 14:27 | Create | Skirmisher |
| 14:27 | Create | Skirmisher |
| 14:27 | Create | Skirmisher |
| 14:47 | Create | Skirmisher |
| 14:47 | Create | Skirmisher |
| 14:55 | Create | Villager (Male) |
| 14:55 | Create | Villager (Male) |
| 14:55 | Create | Villager (Male) |
| 15:06 | Build | Lumber Camp |
| 15:13 | Create | Villager (Male) |
| 15:13 | Create | Villager (Male) |
| 15:13 | Create | Villager (Male) |
| 15:14 | Create | Villager (Male) |
| 15:37 | Create | Skirmisher |
| 15:37 | Create | Skirmisher |
| 15:37 | Create | Skirmisher |
| 15:41 | Build | Mining Camp |
| 15:53 | Build | Farm |
| 16:10 | Create | Villager (Male) |
| 16:10 | Create | Villager (Male) |
| 16:10 | Create | Villager (Male) |
| 16:16 | Build | Blacksmith |
| 16:21 | Build | Mill |
| 16:28 | Create | Villager (Male) |
| 16:28 | Create | Villager (Male) |
| 16:29 | Create | Villager (Male) |
| 16:29 | Create | Villager (Male) |
| 16:37 | Create | Villager (Male) |
| 16:37 | Create | Villager (Male) |
| 16:37 | Create | Villager (Male) |
| 16:43 | Create | Archer |
| 16:43 | Create | Archer |
| 16:44 | Create | Archer |
| 16:52 | Build | House |
| 17:23 | Create | Skirmisher |
| 17:24 | Create | Skirmisher |
| 17:32 | Build | Watch Tower |
| 17:36 | Create | Villager (Male) |
| 17:37 | Create | Villager (Male) |
| 17:37 | Create | Villager (Male) |
| 17:37 | Create | Villager (Male) |
| 17:45 | Build | Farm |
| 17:58 | Create | Archer |
Build order — [DGLOS] DyouDi
First 150 of 210 actions detected
| 0:00 | Create | Villager (Male) |
| 0:00 | Create | Villager (Male) |
| 0:00 | Create | Villager (Male) |
| 0:02 | Build | House |
| 0:03 | Build | House |
| 0:04 | Create | Villager (Male) |
| 1:24 | Create | Villager (Male) |
| 1:35 | Create | Villager (Male) |
| 2:03 | Create | Villager (Male) |
| 2:22 | Build | Lumber Camp |
| 2:52 | Create | Villager (Male) |
| 2:52 | Create | Villager (Male) |
| 3:16 | Create | Villager (Male) |
| 3:16 | Create | Villager (Male) |
| 3:38 | Build | House |
| 3:39 | Build | House |
| 3:50 | Build | House |
| 4:00 | Create | Villager (Male) |
| 4:25 | Create | Villager (Male) |
| 4:25 | Create | Villager (Male) |
| 5:09 | Build | Barracks |
| 5:15 | Create | Villager (Male) |
| 5:17 | Create | Villager (Male) |
| 5:35 | Build | House |
| 5:46 | Build | Palisade Wall |
| 5:58 | Create | Villager (Male) |
| 6:03 | Create | Militia |
| 6:04 | Create | Militia |
| 6:29 | Create | Villager (Male) |
| 6:44 | Create | Militia |
| 6:48 | Create | Villager (Male) |
| 7:18 | Build | Mill |
| 7:24 | Create | Villager (Male) |
| 7:38 | Build | House |
| 7:39 | Build | Palisade Wall |
| 7:54 | Create | Villager (Male) |
| 7:58 | Research | Loom |
| 8:49 | Research | Feudal Age |
| 9:04 | Build | Mill |
| 9:23 | Create | Villager (Male) |
| 9:39 | Create | Villager (Male) |
| 9:47 | Build | Palisade Wall |
| 9:52 | Build | Mining Camp |
| 10:21 | Build | House |
| 10:31 | Build | Palisade Wall |
| 10:35 | Build | Palisade Wall |
| 10:49 | Create | Villager (Male) |
| 10:59 | Age | Feudal Age |
| 11:03 | Build | Archery Range |
| 11:34 | Build | Farm |
| 11:35 | Build | Farm |
| 11:42 | Build | Archery Range |
| 12:00 | Create | Archer |
| 12:00 | Create | Archer |
| 12:04 | Create | Villager (Male) |
| 12:12 | Create | Archer |
| 12:29 | Create | Archer |
| 12:45 | Create | Archer |
| 12:49 | Build | Farm |
| 12:49 | Create | Villager (Male) |
| 12:53 | Build | Farm |
| 12:55 | Build | Farm |
| 13:01 | Build | Palisade Wall |
| 13:02 | Build | Palisade Wall |
| 13:04 | Build | Palisade Wall |
| 13:09 | Create | Archer |
| 13:22 | Build | Farm |
| 13:26 | Create | Archer |
| 13:28 | Create | Villager (Male) |
| 13:45 | Create | Archer |
| 13:46 | Create | Villager (Male) |
| 13:55 | Create | Archer |
| 14:05 | Build | Lumber Camp |
| 14:05 | Create | Villager (Male) |
| 14:42 | Create | Villager (Male) |
| 14:42 | Create | Villager (Male) |
| 14:52 | Research | Town Watch |
| 14:57 | Create | Villager (Male) |
| 15:10 | Build | House |
| 15:12 | Create | Archer |
| 15:12 | Create | Archer |
| 15:34 | Create | Skirmisher |
| 15:34 | Create | Skirmisher |
| 15:36 | Create | Villager (Male) |
| 15:48 | Build | House |
| 15:48 | Build | House |
| 15:52 | Create | Skirmisher |
| 16:00 | Create | Villager (Male) |
| 16:14 | Build | House |
| 16:15 | Build | House |
| 16:21 | Create | Skirmisher |
| 16:26 | Build | House |
| 16:28 | Build | Palisade Wall |
| 16:51 | Create | Skirmisher |
| 16:54 | Create | Skirmisher |
| 16:58 | Create | Villager (Male) |
| 17:03 | Build | Palisade Wall |
| 17:04 | Create | Villager (Male) |
| 17:23 | Build | Blacksmith |
| 17:26 | Create | Skirmisher |
| 17:43 | Build | Palisade Wall |
| 17:55 | Create | Villager (Male) |
| 17:56 | Research | Fletching |
| 18:00 | Build | Farm |
| 18:01 | Build | Farm |
| 18:05 | Research | Double-Bit Axe |
| 18:13 | Create | Villager (Male) |
| 18:16 | Build | Palisade Wall |
| 18:17 | Create | Villager (Male) |
| 18:37 | Create | Archer |
| 18:38 | Create | Archer |
| 18:40 | Create | Archer |
| 18:47 | Build | House |
| 18:49 | Build | Palisade Wall |
| 18:59 | Create | Villager (Male) |
| 19:00 | Create | Villager (Male) |
| 19:03 | Build | House |
| 19:04 | Build | House |
| 19:06 | Create | Archer |
| 19:12 | Create | Villager (Male) |
| 19:14 | Build | Farm |
| 19:16 | Build | Farm |
| 19:17 | Create | Archer |
| 19:31 | Build | Farm |
| 19:34 | Build | Farm |
| 19:35 | Build | Farm |
| 19:36 | Create | Archer |
| 19:42 | Build | Palisade Wall |
| 19:54 | Create | Archer |
| 19:59 | Create | Archer |
| 20:06 | Research | Padded Archer Armor |
| 20:07 | Create | Archer |
| 20:20 | Build | Farm |
| 20:21 | Create | Villager (Male) |
| 20:26 | Build | Market |
| 20:30 | Build | Market |
| 20:41 | Create | Skirmisher |
| 20:43 | Build | Palisade Wall |
| 20:45 | Create | Skirmisher |
| 20:53 | Create | Villager (Male) |
| 20:56 | Create | Villager (Male) |
| 21:01 | Build | House |
| 21:20 | Build | House |
| 21:26 | Build | Palisade Wall |
| 21:28 | Create | Skirmisher |
| 21:29 | Create | Skirmisher |
| 21:44 | Create | Skirmisher |
| 21:53 | Create | Villager (Male) |
| 21:55 | Create | Skirmisher |
| 22:04 | Create | Skirmisher |
Match timeline
| 5:09 | [DGLOS] DyouDi · first_building Barracks |
| 5:46 | [DGLOS] DyouDi · wall_segment Palisade Wall x3 |
| 5:47 | 新竹 · wall_segment Palisade Wall x1 |
| 5:50 | 新竹 · wall_segment Palisade Wall x1 |
| 7:03 | 新竹 · first_building Barracks |
| 7:39 | [DGLOS] DyouDi · wall_segment Palisade Wall x1 |
| 9:00 | 新竹 · age_up feudal |
| 9:45 | 新竹 · wall_segment Palisade Wall x5 |
| 9:45 | 新竹 · wall_segment Palisade Wall x1 |
| 9:47 | [DGLOS] DyouDi · wall_segment Palisade Wall x3 |
| 10:03 | 新竹 · wall_segment Palisade Wall x3 |
| 10:04 | 新竹 · wall_segment Palisade Wall x1 |
| 10:25 | 新竹 · wall_segment Palisade Wall x3 |
| 10:31 | [DGLOS] DyouDi · wall_segment Palisade Wall x1 |
| 10:35 | [DGLOS] DyouDi · wall_segment Palisade Wall x1 |
| 10:54 | 新竹 · wall_segment Palisade Wall x1 |
| 10:59 | [DGLOS] DyouDi · age_up feudal |
| 11:03 | [DGLOS] DyouDi · first_building Archery Range |
| 13:01 | [DGLOS] DyouDi · wall_segment Palisade Wall x1 |
| 13:02 | [DGLOS] DyouDi · wall_segment Palisade Wall x2 |
| 13:04 | [DGLOS] DyouDi · wall_segment Palisade Wall x2 |
| 13:55 | 新竹 · first_building Archery Range |
| 16:28 | [DGLOS] DyouDi · wall_segment Palisade Wall x3 |
| 17:03 | [DGLOS] DyouDi · wall_segment Palisade Wall x14 |
| 17:43 | [DGLOS] DyouDi · wall_segment Palisade Wall x6 |
| 18:16 | [DGLOS] DyouDi · wall_segment Palisade Wall x8 |
| 18:49 | [DGLOS] DyouDi · wall_segment Palisade Wall x7 |
| 19:42 | [DGLOS] DyouDi · wall_segment Palisade Wall x3 |
| 20:43 | [DGLOS] DyouDi · wall_segment Palisade Wall x1 |
| 21:22 | [DGLOS] DyouDi · first_market_buy 100 food |
| 21:23 | [DGLOS] DyouDi · first_market_sell 100 stone |
| 21:26 | [DGLOS] DyouDi · wall_segment Palisade Wall x7 |
| 25:56 | [DGLOS] DyouDi · age_up castle |
| 29:02 | 新竹 · resign |
[ AI ANALYSIS · 1 CREDIT ]
What really happened in this match?
Wolo.gg analyzes every decision: build order, eco, micro, common mistakes by bracket. Personalized analysis on WhatsApp or Discord in 30 seconds.
Civ guide
Japanese
Perfil
Jugador #14547856